Map: Cyber Forest LE

Players

ShoWTimE - Winner!

  • Race: Protoss Protoss
  • League: Grandmaster
  • Spawn Location: 5:00

Rail

  • Race: Protoss Protoss
  • League: Grandmaster
  • Spawn Location: 11:00

Event: 2019 WCS Winter Europe

VOD

Have the link to the VOD?

Description

Time

  • Played on: March 23, 2019, 9:13 a.m.
  • Length: 12:53

All games in this series

Show
View Real Time Build Order
Export as new Build Order

ShoWTimE Protoss - Winner!

Build Orders: Oracle Opening, Phoenix Opening, Zealot Archon 

Get SALT Encoding   

  12  0:00  Probe  
  13  0:12  Probe  
  14  0:17  Pylon  
  14  0:24  Probe  
  15  0:32  Probe  
  15  0:36  Gateway  
  15  0:40  Probe  
  16  0:46  Assimilator  
  17  0:50  Probe  
  17  0:54  Assimilator  
  18  0:58  Probe  
  19  1:06  Probe  
  19  1:11  Gateway  
  20  1:17  Probe  
  20  1:23  Cybernetics Core  
  21  1:29  Probe  
  22  1:34  Pylon  
  22  1:41  Probe  
  23  1:53  Probe  
  24  2:00  Stalker, Sentry, Warp Gate  
  28  2:11  Pylon  
  28  2:23  Pylon  
  30  2:34  Phoenix  
  27  2:37  Stargate  
  27  2:49  Nexus  
  27  2:56  Stalker  
  29  3:06  Stalker  
  29  3:09  Probe  
  32  3:15  Oracle  
  32  3:17  Shield Battery  
  35  3:31  Shield Battery  
  35  3:36  Probe  
  34  3:42  Oracle  
  34  3:48  Probe  
  39  4:03  Robotics Facility  
  39  4:04  Shield Battery  
  39  4:06  Adept  
  40  4:11  Adept  
  40  4:15  Probe  
  41  4:19  Probe  
  41  4:23  Probe  
  40  4:31  Probe  
  40  4:32  Probe  
  40  4:33  Adept  
  40  4:34  Adept  
  45  4:41  Probe  
  45  4:43  Probe  
  47  4:50  Observer  
  47  4:51  Probe  
  47  4:52  Pylon  
  48  4:53  Probe  
  48  4:57  Sentry  
  48  4:59  Probe  
  52  5:05  Probe  
  54  5:09  Probe  
  55  5:17  Probe  
  55  5:18  Immortal  
  56  5:21  Probe  
  56  5:27  Forge  
  59  5:29  Probe  
  59  5:34  Probe  
  61  5:38  Pylon  
  61  5:42  Probe  
  62  5:46  Protoss Ground Weapons Level 1  
  62  5:47  Assimilator  
  62  5:50  Assimilator  
  62  5:56  Probe x2  
  64  5:59  Immortal, Pylon  
  68  6:08  Probe x2  
  70  6:17  Twilight Council  
  70  6:19  Pylon  
  70  6:20  Probe  
  70  6:24  Probe  
  70  6:25  Pylon  
  72  6:31  Warp Prism  
  65  6:47  Zealot x2, Gateway  
  65  6:49  Gateway  
  65  6:52  Charge  
  69  6:55  Templar Archives  
  69  7:06  Gateway  
  69  7:10  Gateway  
  69  7:14  Protoss Ground Weapons Level 2  
  69  7:17  Gateway  
  69  7:21  Gateway  
  69  7:33  Gateway  
  69  7:34  Pylon  
  69  7:36  Pylon  
  69  7:37  High Templar  
  69  7:38  High Templar  
  73  7:44  Archon  
  73  7:47  Pylon  
  73  7:51  Zealot x2  
  77  8:08  High Templar  
  77  8:09  High Templar  
  81  8:13  Archon  
  81  8:14  Zealot x3  
  81  8:18  Nexus  
  81  8:19  Pylon  
  87  8:22  High Templar x2  
  87  8:23  Zealot  
  93  8:27  Archon  
  93  8:31  Pylon  
  93  8:38  Zealot x3  
  99  8:47  High Templar x2  
  99  8:48  Zealot  
  105  8:52  Archon  
  105  8:59  Zealot x4  
  113  9:13  High Templar x2  
  117  9:18  Archon  
  117  9:20  Zealot  
  117  9:21  Zealot x3  
  125  9:30  Protoss Ground Weapons Level 3  
  125  9:36  High Templar  
  125  9:37  High Templar  
  129  9:41  Shield Battery  
  129  9:42  Archon  
  129  9:43  Zealot x4  
  137  9:53  Zealot  
  139  10:03  Zealot x3  
  145  10:20  Zealot x2  
  149  10:23  Pylon  
  149  10:25  Pylon  
  149  10:42  High Templar, Pylon  
  151  10:43  Zealot x3, High Templar  
  151  10:48  Archon  
  159  10:54  Zealot x3  
  165  11:02  Pylon  
  165  11:09  High Templar x2  
  165  11:10  Observer  
  169  11:15  Archon  
  169  11:17  Zealot x2  
  173  11:23  Zealot x3  
  176  11:28  Pylon  
  177  11:32  Observer  
  177  11:35  Zealot  
  179  11:41  High Templar  
  179  11:42  High Templar  
  179  11:45  Zealot x5  
  179  11:46  Archon  
  137  11:55  Zealot  
  121  12:05  Zealot x3  
  121  12:06  Zealot x2  
  117  12:15  Zealot x2  
  95  12:24  Zealot  
  83  12:30  Zealot x3  
  83  12:31  Zealot x2  
Show
View Real Time Build Order
Export as new Build Order

Rail Protoss 

Build Orders: Zealot Archon 

Get SALT Encoding   

  12  0:00  Probe  
  13  0:12  Probe  
  14  0:18  Pylon  
  14  0:24  Probe  
  15  0:32  Probe  
  15  0:37  Gateway  
  15  0:40  Probe  
  16  0:46  Assimilator  
  17  0:50  Probe  
  18  0:59  Probe  
  19  1:05  Gateway  
  19  1:07  Probe  
  20  1:13  Assimilator  
  20  1:17  Probe  
  20  1:24  Cybernetics Core  
  21  1:29  Probe  
  22  1:34  Pylon  
  22  1:41  Probe  
  23  1:53  Probe  
  24  2:00  Adept x2  
  24  2:01  Warp Gate  
  28  2:06  Probe  
  29  2:13  Pylon  
  29  2:30  Adept x2  
  32  2:43  Probe  
  33  3:00  Adept x2  
  37  3:06  Nexus  
  37  3:11  Pylon  
  37  3:18  Probe  
  38  3:20  Robotics Facility  
  38  3:30  Probe  
  39  3:43  Probe  
  38  3:51  Sentry x2  
  42  3:55  Probe  
  42  3:58  Forge  
  43  4:08  Probe  
  46  4:20  Stalker x2, Probe  
  49  4:29  Probe  
  49  4:30  Protoss Ground Weapons Level 1  
  44  4:33  Probe  
  44  4:36  Observer  
  42  4:40  Probe  
  42  4:41  Stalker, Twilight Council  
  42  4:42  Stalker  
  42  4:43  Probe  
  47  4:48  Probe  
  47  4:51  Probe  
  49  4:56  Probe  
  49  4:58  Stalker  
  52  5:04  Shield Battery  
  53  5:10  Stalker  
  53  5:14  Probe  
  52  5:19  Probe  
  53  5:22  Probe  
  53  5:23  Stalker  
  53  5:27  Probe  
  55  5:29  Pylon  
  55  5:30  Probe  
  55  5:33  Stalker  
  55  5:35  Probe  
  59  5:40  Probe  
  59  5:41  Shield Battery  
  61  5:47  Probe  
  61  5:48  Assimilator  
  61  5:50  Assimilator  
  61  5:51  Resonating Glaives  
  61  5:53  Probe  
  62  5:59  Probe  
  63  6:05  Probe  
  63  6:06  Pylon  
  63  6:08  Immortal  
  68  6:11  Probe  
  68  6:17  Probe  
  70  6:19  Protoss Ground Weapons Level 2  
  70  6:23  Pylon  
  70  6:26  Stalker  
  71  6:33  Probe  
  71  6:37  Stalker  
  69  6:40  Probe  
  69  6:45  Probe  
  71  6:47  Templar Archives  
  71  6:51  Immortal  
  75  6:54  Probe  
  75  6:57  Pylon  
  76  7:12  Gateway x2  
  76  7:19  Gateway  
  76  7:20  Gateway  
  75  7:25  High Templar x2  
  75  7:29  Archon  
  79  7:31  Gateway  
  77  7:53  Protoss Ground Weapons Level 3, Pylon  
  77  7:56  Pylon  
  77  8:02  Pylon  
  77  8:05  Gateway  
  77  8:10  Warp Prism  
  77  8:11  Photon Cannon  
  77  8:29  Gateway  
  77  8:35  Zealot x2  
  77  8:41  High Templar x4  
  83  8:46  Archon x2  
  83  8:47  Immortal  
  93  8:59  Pylon  
  93  9:03  Pylon  
  93  9:07  Pylon  
  93  9:14  High Templar  
  93  9:15  High Templar  
  97  9:17  Pylon  
  97  9:19  Archon  
  97  9:20  Adept  
  97  9:21  Adept x2  
  103  9:29  Adept x3  
  107  9:54  Phoenix  
  107  9:56  Probe  
  107  9:59  High Templar x2  
  111  10:00  Adept x3  
  111  10:01  Adept x2  
  111  10:04  Archon  
  121  10:11  Pylon  
  121  10:12  Pylon, Adept  
  123  10:41  Adept x5  
  123  10:42  Adept  
  135  10:43  Adept  
  135  10:44  Adept  
  135  10:47  Pylon  
  139  11:09  High Templar x2, Adept x4  
  139  11:10  Adept x2  
  155  11:13  Archon  
  155  11:19  Pylon  
  155  11:37  Adept x2  
  155  11:39  Adept x3  
  136  11:50  Adept  
  136  11:51  Adept x2  
  132  11:58  Adept  
  132  11:59  Adept  
  132  12:01  High Templar x2, Adept  
  132  12:05  Archon  
  92  12:22  Adept x6  
  64  12:39  Adept  
Tags
 
Add a new tag
Caveats
  • Supply blocks, unpowered buildings, or Contaminate may cause inaccurate times.
  • Supply counts are checked every 10 seconds.